 Dungeon Crawl Stone Soup version 0.29.1-1-gd02db6906a (webtiles) character file.

Game seed: 15190343417107926296

103 Tiocfaidh the Sneak (level 4, -3/38 HPs)
             Began as a Draconian Brigand on Oct 20, 2022.
             Frozen to death by an endoplasm (5 damage)
             ... on level 3 of the Dungeon.
             The game lasted 00:10:08 (2330 turns).

Tiocfaidh the Sneak (Draconian Brigand)             Turns: 2330, Time: 00:10:09

Health: -3/38      AC:  6    Str: 14    XL:     4   Next: 51%
Magic:  4/4        EV: 11    Int: 11    God:
Gold:   156        SH:  3    Dex: 14    Spells: 2/3 levels left

rFire   . . .      SeeInvis .   a - +2 dagger
rCold   . . .      Faith    .   j - +0 buckler
rNeg    . . .      Spirit   .   (body armour unavailable)
rPois   .          Reflect  .   (helmet restricted)
rElec   .          Harm     .   b - +0 cloak
rCorr   .          Rampage  .   (no gloves)
Will    .....                   (no boots)
Stlth   +++.......              (no amulet)
HPRegen 0.12/turn               (no ring)
MPRegen 0.09/turn               (no ring)

@: no status effects
A: AC +5, unfitting armour, cold-blooded
a: no special abilities


You were on level 3 of the Dungeon.
You visited 1 branch of the dungeon, and saw 3 of its levels.

You collected 156 gold pieces.

Inventory:

Hand Weapons
 a - a +2 dagger (weapon)
Missiles
 c - 4 poisoned darts (quivered)
 d - 3 curare-tipped darts
Armour
 b - a +0 cloak (worn)
 j - a +0 buckler (worn)
Scrolls
 e - 7 scrolls of identify {unknown}
 h - a scroll of torment {unknown}
 l - 2 scrolls of teleportation {unknown}
Potions
 f - 3 potions of curing {unknown}
 g - a potion of haste {unknown}
 i - a potion of resistance {unknown}
 k - a potion of heal wounds {unknown}


   Skills:
 + Level 3.2 Fighting
 + Level 2.7 Short Blades
 + Level 2.0 Throwing
 + Level 1.1 Dodging
 + Level 4.6 Stealth
 + Level 0.1 Transmutations


You had 2 spell levels left.
You knew the following spells:

 Your Spells              Type           Power      Damage    Failure   Level
a - Beastly Appendage     Tmut           0%         N/A       43%         1

Your spell library contained the following spells:

 Spells                   Type           Power      Damage    Failure   Level
 Wereblood                Tmut           0%         N/A       56%         2
 Conjure Flame            Conj/Fire      0%         6-21      82%         3
 Spider Form              Tmut/Pois      0%         N/A       82%         3
 Fireball                 Conj/Fire      0%         3d3       100%        5


Dungeon Overview and Level Annotations

Branches:
Dungeon (3/15)

Altars:


Innate Abilities, Weirdness & Mutations

Your plain brown scales are hard. (AC +5)
You cannot fit into any form of body armour.
You are cold-blooded and may be slowed by cold attacks.


Message History

The endoplasm attacks as you move away! The endoplasm barely misses you.
Found a scroll labelled IGONLA KELOI.
The endoplasm jiggles.
The endoplasm barely misses you. The endoplasm attacks as you move away!
The endoplasm hits you.
You feel yourself speed up.
You see here 2 poisoned darts.
c - 6 poisoned darts (gained 2)
The endoplasm freezes you.
You are frozen.
* * * LOW HITPOINT WARNING * * *
You feel yourself slow down. The endoplasm barely misses you.
Throw: 6 darts (poison)
Press: ? - help, Q - select action, (/) - cycle Shift-Dir - straight line, f/p - kobold brigand
Aim: a kobold brigand, wielding a +0 whip and quivering poisoned darts (almost dead, 53% to hit)
You throw a poisoned dart.
The poisoned dart barely misses the kobold brigand.
The endoplasm barely misses you.
The kobold brigand hits you with a +0 whip.
* * * LOW HITPOINT WARNING * * *
Throw: 5 darts (poison)
Press: ? - help, Q - select action, (/) - cycle Shift-Dir - straight line, f/p - kobold brigand
Aim: a kobold brigand, wielding a +0 whip and quivering poisoned darts (almost dead, 53% to hit)
You throw a poisoned dart.
The poisoned dart hits the kobold brigand.
The kobold brigand is poisoned.
The kobold brigand is almost dead.
The endoplasm hits you but does no damage.
The kobold brigand misses you. The kobold brigand closely misses you.
The endoplasm freezes you.
You are frozen.
* * * LOW HITPOINT WARNING * * *
The kobold brigand attacks as you move away!
The kobold brigand hits you with a +0 whip.
* * * LOW HITPOINT WARNING * * *
You feel yourself speed up. The endoplasm freezes you.
You are frozen.
You die...

.... ...# ...
...####+#
..##.......#.
.## ............
.... .....?.....
.... #.....$....
.....#..........
...##@........
#..##J##.###
#...#K.#.#
#...(....###
##.#.#.....#
#..?.#..#...
###...#.###.
......#
###(#.#..##
#......
#####...#<#...#
##......


You could see a kobold brigand (poisoned) and an endoplasm.

Vanquished Creatures
  5 adders
  3 worms (D:2)
  4 endoplasms
  2 giant cockroaches
  3 goblins
  3 hobgoblins
  4 jackals
  2 quokkas
  10 ball pythons
  3 bats
  3 frilled lizards
  4 kobolds
  4 rats
50 creatures vanquished.

Notes
Turn   | Place    | Note
-------+----------+-------------------------------------------
     0 | D:1      | Tiocfaidh the Draconian Brigand began the quest for the
                  | Orb.
     0 | D:1      | Reached XP level 1. HP: 17/17 MP: 1/1
   295 | D:1      | Reached skill level 4 in Stealth
   322 | D:1      | Reached XP level 2. HP: 25/25 MP: 2/2
   328 | D:1      | Reached skill level 1 in Dodging
   436 | D:1      | You fall into a shaft and drop 1 floor!
   818 | D:1      | Found a faded altar of an unknown god.
  1114 | D:2      | Reached XP level 3. HP: 30/30 MP: 3/3
  1719 | D:2      | Reached XP level 4. HP: 29/38 MP: 4/4
  1834 | D:2      | Learned a level 1 spell: Beastly Appendage
  2268 | D:3      | Got Tuab's Compilation of Fire
  2279 | D:3      | Noticed a kobold brigand
  2329 | D:3      | HP: 1/38 [kobold brigand/+0 whip (2)]
  2330 | D:3      | Frozen to death by an endoplasm

Illustrated notes

Levels and vault maps discovered:
D:1:      amcnicky_arrival_abandoned_market, layout_loops_corners,
          dilly_ecumenical_altar_fadedgnrine, nrook_campfire
D:2:      layout_rooms, kennysheep_donut, hangedman_decor_growths
D:3:      layout_rooms, nicolae_wu_jian_immortal_techniques, serial_shops,
          nicolae_shop_temple_entry_statues_fountains, st_stairs_1, uniq_jessica

Skill      XL: |  1  2  3  4 |
---------------+-------------+-----
Stealth        | 4 |  4.6
Dodging        | 1 |  1.1
Fighting       | 3 |  3.2
Throwing       | 2 |  2.0
Short Blades   | |  2.7
Transmutations | |  0.1

Action                   |  1- 3 |  4- 6 || total
-------------------------+-------+-------++-------
Melee: Dagger            |   106 |    43 ||   149
       Tailslap          |     9 |     3 ||    12
Throw: Dart              |     7 |    17 ||    24
 Cast: Beastly Appendage |       |     1 ||     1
 Stab: Sleeping          |    11 |       ||    11
Armor: Skin              |    29 |    31 ||    60
Dodge: Dodged            |    41 |    43 ||    84
Block: Buckler           |     6 |    10 ||    16
